NCAA
CLEMSON TIGERS @ GEORGIA TECH YELLOW JACKETS
05/11/2026
 
TOP OF THE 1ST
Clemson Tigers batting - Pitching for Georgia Tech Yellow Jackets : RHP Carlos Madraso
Pitching: RHP Carlos Madraso
Batting: LHB Aaron Thompson 0-0: Foul Ball, location: 2F
0-1: Called Strike
0-2: Ball
1-2: Ball
2-2: Ball
3-2: Foul Ball, location: 2F
3-2: Strikes out swinging
Batting: SHB Kenneth Cruz 0-0: Fly out, F7 (Flyball, 7LM)
Batting: LHB Wally Harris 0-0: Called Strike
0-1: Swinging Strike
0-2: Ball
1-2: Ground out 6-3 (Groundball, 6)
Top of the 1st over - 0 run(s), 0 hit(s), 0 error(s), 0 left on base; Clemson 0 - Georgia Tech 0
BOTTOM OF THE 1ST
Georgia Tech Yellow Jackets batting - Pitching for Clemson Tigers : RHP Justin Mateo
Pitching: RHP Justin Mateo
Batting: RHB Xavier Silva 0-0: Ball
1-0: Bunted foul
1-1: Ball
2-1: Called Strike
2-2: Ball
3-2: Base on Balls
Batting: RHB Bob Corrigan 0-0: Foul Ball, location: 2F
0-1: SINGLE (Groundball, 34D)
Xavier Silva to second
Runner from 2nd tries for 3rd, SAFE, no throw or cutoff
Batting: RHB Joe Atkinson 0-0: SINGLE (Groundball, 6MD)
Xavier Silva scores
Bob Corrigan to second
Runner from 2nd tries for 3rd, SAFE, throw made to third
Joe Atkinson to second
Batting: RHB Bobby Hulsey 0-0: Ball
1-0: Ball
2-0: Called Strike
2-1: Foul Ball, location: 2F
2-2: Foul Ball, location: 2F
2-2: Foul Ball, location: 2F
2-2: Foul Ball, location: 2F
2-2: Foul Ball, location: 2F
2-2: Ball
3-2: 3-RUN HOME RUN (Flyball, 7D), Distance : 370 ft
Batting: LHB Gary White 0-0: Ball
1-0: Called Strike
1-1: Swinging Strike
1-2: Strikes out swinging
Batting: RHB Dave Bell 0-0: Ball
1-0: Ball
2-0: Called Strike
2-1: Foul Ball, location: 2F
2-2: Foul Ball, location: 2F
2-2: SINGLE (Line Drive, 7LS)
Batting: SHB Stan Gómez 0-0: Called Strike
0-1: Ball
1-1: Ball
2-1: 2-RUN HOME RUN (Line Drive, 9LD), Distance : 316 ft
Batting: RHB Jeremy Richmond 0-0: Called Strike
0-1: Foul Ball, location: 2F
0-2: Ball
1-2: Foul Ball, location: 2F
1-2: Strikes out swinging
Batting: LHB Shawn Brown 0-0: Ball
1-0: Foul Ball, location: 2F
1-1: Swinging Strike
1-2: SINGLE (Groundball, 6MD)
Batting: RHB Xavier Silva 0-0: Ball
1-0: Reached on error, E5 (Groundball, 5S)
Shawn Brown to second
Batting: RHB Bob Corrigan 0-0: Fly out, F7 (Flyball, 78M)
Bottom of the 1st over - 6 run(s), 6 hit(s), 1 error(s), 2 left on base; Clemson 0 - Georgia Tech 6
TOP OF THE 2ND
Clemson Tigers batting - Pitching for Georgia Tech Yellow Jackets : RHP Carlos Madraso
Batting: RHB Leonard Harris 0-0: Ball
1-0: Ball
2-0: Called Strike
2-1: Foul Ball, location: 2F
2-2: Ball
3-2: Base on Balls
Batting: LHB Peter Puckett 0-0: Ball
1-0: Called Strike
1-1: Swinging Strike
1-2: Strikes out looking
Batting: LHB Frank Vázquez 0-0: Called Strike
0-1: Swinging Strike
0-2: Ball
1-2: SINGLE (Line Drive, 3D)
Leonard Harris to second
Batting: RHB Armando Vega 0-0: Ball
1-0: SINGLE (Line Drive, 78S)
Leonard Harris to third
Frank Vázquez to second
Batting: RHB James Taylor 0-0: Grounds into double play, U4-3 (Groundball, 4)
Top of the 2nd over - 0 run(s), 2 hit(s), 0 error(s), 2 left on base; Clemson 0 - Georgia Tech 6
BOTTOM OF THE 2ND
Georgia Tech Yellow Jackets batting - Pitching for Clemson Tigers : RHP Justin Mateo
Batting: RHB Joe Atkinson 0-0: Swinging Strike
0-1: Ball
1-1: Swinging Strike
1-2: Ball
2-2: Strikes out swinging
Batting: RHB Bobby Hulsey 0-0: Ball
1-0: Ball
2-0: Called Strike
2-1: Reached on error, E5 (Groundball, 5S)
Batting: LHB Gary White 0-0: Ball
1-0: TRIPLE (Line Drive, 9LS)
Bobby Hulsey scores
Batting: RHB Dave Bell 0-0: Called Strike
0-1: Ball
1-1: Ball
2-1: Swinging Strike
2-2: Ball
3-2: Base on Balls
Batting: SHB Stan Gómez 0-0: Ball
1-0: SINGLE (Line Drive, 6D)
Gary White scores
Dave Bell to second
Batting: RHB Jeremy Richmond 0-0: Called Strike
0-1: Ball
1-1: Ball
2-1: Ball
3-1: Base on Balls
Dave Bell to third
Stan Gómez to second
Batting: LHB Shawn Brown 0-0: Ball
1-0: Swinging Strike
1-1: Ball
2-1: Swinging Strike
2-2: Ball
3-2: Base on Balls
Dave Bell scores
Stan Gómez to third
Jeremy Richmond to second
Pitching: RHP Oscar Martin
Batting: RHB Xavier Silva 0-0: Ball
1-0: Ball
2-0: Foul Ball, location: 2F
2-1: Ball
3-1: Grounds into double play, 6-4-3 (Groundball, 6M)
Bottom of the 2nd over - 3 run(s), 2 hit(s), 1 error(s), 2 left on base; Clemson 0 - Georgia Tech 9
TOP OF THE 3RD
Clemson Tigers batting - Pitching for Georgia Tech Yellow Jackets : RHP Carlos Madraso
Batting: RHB Wayne Scott 0-0: Ball
1-0: Called Strike
1-1: Swinging Strike
1-2: Foul Ball, location: 2F
1-2: Foul Ball, location: 2F
1-2: Strikes out swinging
Batting: LHB Aaron Thompson 0-0: Fly out, F7 (Flyball, 78M)
Batting: SHB Kenneth Cruz 0-0: Foul Ball, location: 2F
0-1: SOLO HOME RUN (Flyball, 89XD), Distance : 377 ft
Batting: LHB Wally Harris 0-0: Called Strike
0-1: Ball
1-1: Fly out, F7 (Flyball, 7LS)
Top of the 3rd over - 1 run(s), 1 hit(s), 0 error(s), 0 left on base; Clemson 1 - Georgia Tech 9
BOTTOM OF THE 3RD
Georgia Tech Yellow Jackets batting - Pitching for Clemson Tigers : RHP Oscar Martin
Batting: RHB Bob Corrigan 0-0: Ball
1-0: Called Strike
1-1: Ball
2-1: Swinging Strike
2-2: Foul Ball, location: 2F
2-2: SINGLE (Groundball, 6MD) (infield hit)
Batting: RHB Joe Atkinson 0-0: Ball
1-0: Ball
2-0: Ball
3-0: Called Strike
3-1: Foul Ball, location: 2F
3-2: Base on Balls
Bob Corrigan to second
Batting: RHB Bobby Hulsey 0-0: Called Strike
0-1: Ball
1-1: Ball
2-1: Ball
3-1: Swinging Strike
3-2: Base on Balls
Bob Corrigan to third
Joe Atkinson to second
Batting: LHB Gary White 0-0: Called Strike
0-1: Ball
1-1: Foul Ball, location: 2F
1-2: Strikes out looking
Batting: RHB Dave Bell 0-0: Swinging Strike
0-1: SINGLE (Line Drive, 8LS)
Bob Corrigan scores
Joe Atkinson to third
Bobby Hulsey to second
Runner from 3rd tries for Home, SAFE, throw made home
Batting: SHB Stan Gómez 0-0: Ball
1-0: Ball
2-0: Ball
3-0: Called Strike
3-1: Base on Balls
Bobby Hulsey to third
Dave Bell to second
Batting: RHB Jeremy Richmond 0-0: Called Strike
0-1: Ball
1-1: Ball
2-1: Foul Ball, location: 2F
2-2: Ball
3-2: Base on Balls
Bobby Hulsey scores
Dave Bell to third
Stan Gómez to second
Batting: LHB Shawn Brown 0-0: Called Strike
0-1: Ball
1-1: Ball
2-1: Foul Ball, location: 2F
2-2: Foul Ball, location: 2F
2-2: Ground out U3 (Groundball, 3S)
Dave Bell scores
Stan Gómez to third
Jeremy Richmond to second
Batting: RHB Xavier Silva 0-0: Ball
1-0: Ball
2-0: Foul Ball, location: 2F
2-1: Ball
3-1: Called Strike
3-2: SINGLE (Line Drive, 7LS)
Stan Gómez scores
Jeremy Richmond to third
Jeremy Richmond scores
Pitching: LHP Alex Owen
Batting: RHB Bob Corrigan 0-0: Foul Ball, location: 2F
0-1: Called Strike
0-2: Strikes out swinging
Bottom of the 3rd over - 6 run(s), 3 hit(s), 0 error(s), 1 left on base; Clemson 1 - Georgia Tech 15
TOP OF THE 4TH
Clemson Tigers batting - Pitching for Georgia Tech Yellow Jackets : RHP Carlos Madraso
Batting: RHB Leonard Harris 0-0: Swinging Strike
0-1: Ball
1-1: Called Strike
1-2: SINGLE (Groundball, 25) (infield hit)
Batting: LHB Peter Puckett 0-0: Ball
1-0: Ball
2-0: Grounds into double play, 4-6-3 (Groundball, 4)
Batting: LHB Frank Vázquez 0-0: Ball
1-0: Ground out 1-3 (Groundball, 15S)
Top of the 4th over - 0 run(s), 1 hit(s), 0 error(s), 0 left on base; Clemson 1 - Georgia Tech 15
BOTTOM OF THE 4TH
Georgia Tech Yellow Jackets batting - Pitching for Clemson Tigers : LHP Alex Owen
Batting: RHB Joe Atkinson 0-0: Ball
1-0: Ball
2-0: SINGLE (Groundball, 6)
Batting: RHB Bobby Hulsey 0-0: Called Strike
0-1: Ball
1-1: Foul Ball, location: 2F
1-2: Foul Ball, location: 2F
1-2: Strikes out looking
Batting: LHB Gary White 0-0: Ball
1-0: Ground out 4-3 (Groundball, 4M)
Joe Atkinson to second
Batting: RHB Dave Bell 0-0: Ball
1-0: Ball
2-0: Foul Ball, location: 2F
2-1: SINGLE (Groundball, 56)
Joe Atkinson to third
Runner from 3rd tries for Home, SAFE, throw made home
Dave Bell to second
Batting: SHB Stan Gómez 0-0: Ball
1-0: Ball
2-0: Called Strike
2-1: Ball
3-1: Ground out 5-3 (Groundball, 5)
Bottom of the 4th over - 1 run(s), 2 hit(s), 0 error(s), 1 left on base; Clemson 1 - Georgia Tech 16
TOP OF THE 5TH
Clemson Tigers batting - Pitching for Georgia Tech Yellow Jackets : RHP Carlos Madraso
Batting: RHB Armando Vega 0-0: Called Strike
0-1: Swinging Strike
0-2: Strikes out swinging
Batting: RHB James Taylor 0-0: Called Strike
0-1: Ground out 6-3 (Groundball, 56)
Batting: RHB Wayne Scott 0-0: Called Strike
0-1: Ball
1-1: Swinging Strike
1-2: Strikes out swinging
Top of the 5th over - 0 run(s), 0 hit(s), 0 error(s), 0 left on base; Clemson 1 - Georgia Tech 16
BOTTOM OF THE 5TH
Georgia Tech Yellow Jackets batting - Pitching for Clemson Tigers : LHP Alex Owen
Batting: RHB Jeremy Richmond 0-0: Ball
1-0: Ball
2-0: Called Strike
2-1: Foul Ball, location: 2F
2-2: Ground out 6-3 (Groundball, 56)
Batting: LHB Shawn Brown 0-0: Fly out, F9 (Popup, 9S)
Batting: RHB Xavier Silva 0-0: Ball
1-0: Ball
2-0: Called Strike
2-1: Called Strike
2-2: Foul Ball, location: 2F
2-2: Ball
3-2: SINGLE (Line Drive, 6MD)
Batting: RHB Bob Corrigan 0-0: Ball
1-0: Ball
2-0: Foul Ball, location: 2F
2-1: Ball
3-1: Called Strike
3-2: Foul Ball, location: 2F
3-2: Ground out 6-3 (Groundball, 6)
Bottom of the 5th over - 0 run(s), 1 hit(s), 0 error(s), 1 left on base; Clemson 1 - Georgia Tech 16
TOP OF THE 6TH
Clemson Tigers batting - Pitching for Georgia Tech Yellow Jackets : RHP Carlos Madraso
Batting: LHB Aaron Thompson 0-0: Foul Ball, location: 2F
0-1: Ball
1-1: SOLO HOME RUN (Flyball, 9D), Distance : 346 ft
Batting: SHB Kenneth Cruz 0-0: Ball
1-0: Foul Ball, location: 2F
1-1: Called Strike
1-2: Ball
2-2: SINGLE (Groundball, 56D)
Batting: LHB Wally Harris 0-0: Ball
1-0: Called Strike
1-1: Swinging Strike
1-2: Ball
2-2: Ball
3-2: Foul Ball, location: 2F
3-2: Foul Ball, location: 2F
3-2: Strikes out swinging
Pinch Hitting: RHB Julián García 0-0: Called Strike
0-1: SINGLE (Line Drive, 89S)
Kenneth Cruz to second
Batting: LHB Peter Puckett 0-0: Called Strike
0-1: Foul Ball, location: 2F
0-2: Ball
1-2: Fly out, F6 (Line Drive, 6)
Pitching: LHP Jared Steele
Batting: LHB Frank Vázquez 0-0: Ball
1-0: Ball
2-0: Ground out 4-3 (Groundball, 34)
Top of the 6th over - 1 run(s), 3 hit(s), 0 error(s), 2 left on base; Clemson 2 - Georgia Tech 16
BOTTOM OF THE 6TH
Georgia Tech Yellow Jackets batting - Pitching for Clemson Tigers : LHP Alex Owen
Now in LF: Jeff Thompson
Batting: RHB Joe Atkinson 0-0: Called Strike
0-1: Swinging Strike
0-2: Strikes out swinging
Batting: RHB Bobby Hulsey 0-0: Ball
1-0: Fly out, F9 (Flyball, 9D)
Batting: LHB Gary White 0-0: Ball
1-0: Ball
2-0: Called Strike
2-1: Swinging Strike
2-2: Strikes out looking
Bottom of the 6th over - 0 run(s), 0 hit(s), 0 error(s), 0 left on base; Clemson 2 - Georgia Tech 16
TOP OF THE 7TH
Clemson Tigers batting - Pitching for Georgia Tech Yellow Jackets : LHP Jared Steele
Batting: RHB Armando Vega 0-0: SINGLE (Groundball, 5S)
Batting: RHB James Taylor 0-0: Called Strike
0-1: Foul Ball, location: 2F
0-2: Ball
1-2: Ball
2-2: Ball
3-2: Strikes out swinging
Batting: RHB Wayne Scott 0-0: Ball
1-0: Swinging Strike
1-1: Swinging Strike
1-2: Fly out, F8 (Flyball, 8LM)
Batting: LHB Aaron Thompson 0-0: Ball
1-0: Called Strike
1-1: Swinging Strike
1-2: Strikes out swinging
Top of the 7th over - 0 run(s), 1 hit(s), 0 error(s), 1 left on base; Clemson 2 - Georgia Tech 16
BOTTOM OF THE 7TH
Georgia Tech Yellow Jackets batting - Pitching for Clemson Tigers : LHP Alex Owen
Pitching: RHP Jaime Molaya
Batting: RHB Dave Bell 0-0: Fly out, F2 (Popup, 23F)
Batting: SHB Stan Gómez 0-0: SINGLE (Flyball, 8LS)
Batting: RHB Jeremy Richmond 0-0: Swinging Strike
0-1: Fly out, F8 (Flyball, 8RM)
Batting: LHB Shawn Brown 0-0: Called Strike
0-1: Reached on error, E6 (Groundball, 6M)
Stan Gómez to second
Batting: RHB Xavier Silva 0-0: Called Strike
0-1: Called Strike
0-2: Strikes out swinging
Bottom of the 7th over - 0 run(s), 1 hit(s), 1 error(s), 2 left on base; Clemson 2 - Georgia Tech 16
TOP OF THE 8TH
Clemson Tigers batting - Pitching for Georgia Tech Yellow Jackets : LHP Jared Steele
Batting: SHB Kenneth Cruz 0-0: Ground out 5-3 (Groundball, 56S)
Batting: LHB Wally Harris 0-0: SINGLE (Groundball, 23) (infield hit)
Batting: LHB Jeff Thompson 0-0: Ball
1-0: Fly out, F8 (Flyball, 8RM)
Batting: LHB Peter Puckett 0-0: Called Strike
0-1: Called Strike
0-2: Strikes out swinging
Top of the 8th over - 0 run(s), 1 hit(s), 0 error(s), 1 left on base; Clemson 2 - Georgia Tech 16
BOTTOM OF THE 8TH
Georgia Tech Yellow Jackets batting - Pitching for Clemson Tigers : RHP Jaime Molaya
Batting: RHB Bob Corrigan 0-0: Ball
1-0: Ball
2-0: Called Strike
2-1: Foul Ball, location: 2F
2-2: Ball
3-2: Fly out, F4 (Popup, 4M)
Batting: RHB Joe Atkinson 0-0: Called Strike
0-1: Ground out 6-3 (Groundball, 6)
Batting: RHB Bobby Hulsey 0-0: Ball
1-0: Ball
2-0: Foul Ball, location: 2F
2-1: Ball
3-1: Base on Balls
Batting: LHB Gary White 0-0: Ground out U3 (Groundball, 3)
Bottom of the 8th over - 0 run(s), 0 hit(s), 0 error(s), 1 left on base; Clemson 2 - Georgia Tech 16
TOP OF THE 9TH
Clemson Tigers batting - Pitching for Georgia Tech Yellow Jackets : LHP Jared Steele
Batting: LHB Frank Vázquez 0-0: Ball
1-0: Foul Ball, location: 2F
1-1: Ball
2-1: Ground out 4-3 (Groundball, 34)
Batting: RHB Armando Vega 0-0: Ball
1-0: Ball
2-0: Fly out, F9 (Flyball, 89M)
Batting: RHB James Taylor 0-0: Fly out, F7 (Flyball, 78M)
Top of the 9th over - 0 run(s), 0 hit(s), 0 error(s), 0 left on base; Clemson 2 - Georgia Tech 16
Monday, December 5th, 2016 - OOTP Baseball 17.12 Build 75